AoeStats
← Еврей

Hideout

503613348Analyzed
2v2 RM · 29d ago on Sep 1, 2026· 98m 27s· 4 players
Game mode
Random Map
Map size
Medium (4 player)
Population
200
Speed
Normal
Resources
Standard
Victory
Conquest
Starting age
Dark Age
Ending age
Imperial Age
RankedLock teamsTeams togetherTeam positionsShared explorationLock speedFull tech treeHidden civsTurbo modeCheats
Victory
Defeat
🇯🇵 Malay · Japan
892
+15
🇨🇴 Bohemians · Colombia
873
+15
🇷🇺 Burgundians · Russia
862
-15
862
-15
черный как смола
7:32 Loom
9:43 Feudal Age
10:11 Double-Bit Axe
10:26 Horse Collar
16:00 Wheelbarrow
19:42 Castle Age
17:54 Man-at-Arms
19:18 Fletching
20:05 Padded Archer Armor
20:15 Crossbowman
20:56 Bodkin Arrow
21:35 Man-at-Arms
23:33 Bow Saw
25:49 Hand Cart
32:56 Imperial Age
38:26 Conscription
38:11 Scale Mail Armor
41:09 Chain Mail Armor
41:05 Forging
45:37 Plate Mail Armor
52:54 Iron Casting
53:21 Pikeman
56:00 Town Watch
58:25 Halberdier
61:17 Furor Celtica
65:28 Gambesons
66:17 Onager
69:59 Stronghold
71:14 Hoardings
80:34 Capped Ram
88:54 Elite Skirmisher
93:50 Blast Furnace
93:06 Leather Archer Armor
Еврей
8:29 Double-Bit Axe
12:33 Feudal Age
11:15 Horse Collar
12:13 Stone Mining
13:24 Bow Saw
13:16 Heavy Plow
15:02 Wheelbarrow
15:54 Gold Mining
20:42 Castle Age
18:46 Fletching
20:05 Stone Shaft Mining
20:19 Gold Shaft Mining
20:03 Loom
21:05 Scale Mail Armor
21:49 Light Cavalry
23:49 Hand Cart
24:12 Husbandry
26:13 Scale Barding Armor
26:24 Forging
26:10 Bodkin Arrow
29:15 Two-Man Saw
32:51 Crop Rotation
38:43 Imperial Age
36:39 Chain Barding Armor
36:55 Iron Casting
39:36 Onager
41:28 Hussar
44:10 Chemistry
56:37 Pikeman
57:38 Squires
OMAR101226
1:32 Loom
13:05 Feudal Age
14:00 Double-Bit Axe
13:55 Horse Collar
19:28 Castle Age
20:32 Wheelbarrow
20:32 Bow Saw
20:44 Heavy Plow
21:34 Light Cavalry
27:15 Hand Cart
32:29 Imperial Age
33:46 Elite Hussite Wagon
35:17 Wagenburg Tactics
34:41 Pikeman
35:22 Squires
35:08 Arson
35:54 Halberdier
39:31 Chemistry
38:52 Ballistics
38:17 Arrowslits
43:37 Heavy Scorpion
43:38 Houfnice
54:55 Hussite Reforms
54:20 Sappers
67:23 Forging
67:13 Scale Mail Armor
67:19 Scale Barding Armor
67:04 Fletching
67:14 Padded Archer Armor
67:29 Masonry
67:00 Treadmill Crane
67:25 Siege Engineers
67:15 Murder Holes
67:31 Fortified Wall
67:11 Guard Tower
67:42 Bombard Tower
77:48 Caravan
78:19 Coinage
77:59 Guilds
81:32 Banking
82:19 Elite Skirmisher
knight
9:02 Loom
10:48 Feudal Age
15:04 Castle Age
13:23 Double-Bit Axe
13:55 Horse Collar
15:13 Forging
27:57 Iron Casting
39:12 Imperial Age
41:13 Bow Saw
42:22 Blast Furnace
41:29 Squires
41:43 Heavy Plow
43:30 Wheelbarrow
43:40 Cavalier
44:22 Husbandry
44:31 Scale Barding Armor
44:35 Gold Mining
50:51 Crop Rotation
55:09 Hand Cart
65:09 Caravan
79:20 Stone Mining
84:05 Fletching
89:07 Bodkin Arrow
89:37 Ballistics
90:18 Chemistry
89:46 Elite Battle Elephant
90:30 Bracer
97:09 Conscription
Connection lost

Rejoining the realm…

Still unreachable

The connection could not be restored.

Session expired

The server has moved on; the page needs a fresh start.